 Dungeon Sprint DCSS version 0.30-a0-341-g682706514a (webtiles) character file.

Game seed: 2299641025384609734

469 Hubris850 the Martial Artist (level 7, -22/57 HPs)
             Began as a Merfolk Transmuter on Nov 2, 2022.
             Was an Initiate of Nemelex Xobeh.
             Annihilated by Sonja
             ... wielding a +0 short sword of distortion
              (24 damage)
             ... in the Dungeon (Sprint I: "Red Sonja").
             The game lasted 00:03:11 (307 turns).

Hubris850 the Martial Artist (Merfolk Transmuter)    Turns: 307, Time: 00:03:12

Health: -22/57     AC:  8    Str: 12    XL:     7   Next: 9%
Magic:  13/16      EV: 11    Int: 13    God:    Nemelex Xobeh [......]
Gold:   313        SH:  0    Dex: 14    Spells: 10/18 levels left

rFire   x . .      SeeInvis .      - Unarmed
rCold   + + +      Faith    .    (shield currently unavailable)
rNeg    . . .      Spirit   .    (body armour currently unavailable)
rPois   +          Reflect  .    (helmet currently unavailable)
rElec   .          Harm     .    (cloak currently unavailable)
rCorr   .          Rampage  .    (gloves currently unavailable)
Will    .....      NoTele   +    (boots currently unavailable)
Stlth   +.........               (no amulet)
HPRegen 0.29/turn                (no ring)
MPRegen 0.15/turn                (no ring)

@: ice-form
A: freezing attack, boosted hp, large, (nimble swimmer 2), (mertail)
a: End Transformation, Renounce Religion, Draw Escape, Draw Destruction, Draw
Summoning


You were in the Dungeon.
You worshipped Nemelex Xobeh.
Nemelex Xobeh was noncommittal.
You were a creature of crystalline ice.
You visited 1 branch You collected 313 gold pieces.

Inventory:

Armour
 a - a +0 robe (melded)
Wands
 g - a wand of digging (4)
Scrolls
 h - a scroll of blinking
 j - a scroll of identify {unknown}
Potions
 b - a potion of lignification
 c - a potion of curing
 d - a potion of heal wounds
 e - a potion of haste
 f - 2 potions of magic
 i - a potion of degeneration {unknown}
 k - a potion of attraction {unknown}


   Skills:
 - Level 1.2 Fighting
 - Level 3.8 Dodging
 * Level 9.8 Unarmed Combat
 - Level 6.0 Spellcasting
 - Level 8.3 Transmutations
 - Level 8.7 Ice Magic
 + Level 0.0 Invocations


You had 10 spell levels left.
You knew the following spells:

 Your Spells              Type           Power      Damage    Failure   Level
a - Beastly Appendage     Tmut           50%        N/A       1%          1
b - Spider Form           Tmut/Pois      14%        N/A       9%          3
c - Ice Form              Ice/Tmut       26%        N/A       4%          4

Your spell library contained the following spells:

 Spells                   Type           Power      Damage    Failure   Level
 Wereblood                Tmut           25%        N/A       1%          2


Dungeon Overview and Level Annotations

Branches:
Dungeon (1/1)

Altars:
Cheibriados
Dithmenos
Elyvilon
Fedhas
Gozag
Hepliaklqana
Kikubaaqudgha
Nemelex Xobeh
Okawaru
Qazlal
Ru
Sif Muna
Trog
Uskayaw
Vehumet
Wu Jian
Yredelemnul
Zin
The Shining One

Shops:
D *

Annotations:
D Sonja


Innate Abilities, Weirdness & Mutations

You are a creature of crystalline ice.
You have a powerful freezing melee attack.
Your maximum health is increased.
Your armour is entirely melded.
You are incapable of wielding weapons or throwing items.
((You are very nimble when in or above water. (Stealth+, EV+, Speed+++)))
((Your lower body shifts to a powerful aquatic tail in water.))


Message History

Sonja blinks!
There is an open door here.
Sonja mumbles some strange words.
Sonja blinks!
Sonja hits you with a +0 short sword of distortion.
Space warps around you. Sonja closely misses you. x2
Sonja mumbles some strange words.
Sonja blinks!
Sonja throws a curare-tipped dart.
The curare-tipped dart barely misses you.
Sonja hits you but does no damage. Sonja barely misses you.
Sonja closely misses you.
You miss Sonja. Sonja closely misses you. Sonja barely misses you.
Sonja closely misses you.
Sonja gestures wildly while chanting.
Sonja blinks!
Sonja gestures wildly while chanting.
Sonja blinks!
You miss Sonja.
Sonja says, "I'm academy-trained, you know."
Sonja hits you but does no damage. Space warps around you.
Sonja barely misses you. Sonja hits you but does no damage.
Space warps around you. Sonja closely misses you. x2
Sonja hits you with a +0 short sword of distortion.
Space warps horribly around you.
You hit Sonja. You freeze Sonja.
Sonja is lightly wounded.
Sonja barely misses you.
Sonja hits you with a +0 short sword of distortion.
Space warps around you.
Sonja hits you with a +0 short sword of distortion.
Space warps horribly around you!
* * * LOW HITPOINT WARNING * * *
You hit Sonja. You freeze Sonja.
Sonja is moderately wounded.
Sonja hits you but does no damage. Space warps around you.
* * * LOW HITPOINT WARNING * * *
Sonja hits you but does no damage. Space warps horribly around you!!
You die...
Your body disappears without a glow.

################
#<.#..)..#.)'..#
#..)..#..'..#..+
#..#####'#####'#
#..####..#...#.#
#..#__####..##.#
#..#_____##'#_.+
#⌠⌠#_.∩...'..._#
####_..__##KY#'#
#_____###'#.#
####### #.###
$.$ #$.$# ##.##
#+#


You could see Sonja (fast).

Vanquished Creatures
  Sigmund (D)
  A yak (D)
  An ogre (D)
  A jelly (D)
  Ijyb (D)
5 creatures vanquished.

Notes
Turn   | Place    | Note
-------+----------+-------------------------------------------
     0 | D        | Hubris850 the Merfolk Transmuter began the quest for the
                  | Orb.
     0 | D        | Reached XP level 1. HP: 15/15 MP: 3/3
     1 | D        | Noticed Ijyb
    12 | D        | Killed Ijyb
    13 | D        | Reached skill level 5 in Unarmed Combat
    13 | D        | Reached XP level 2. HP: 17/21 MP: 3/6
    13 | D        | Reached XP level 3. HP: 22/26 MP: 3/7
    64 | D        | Learned a level 3 spell: Spider Form
    65 | D        | Noticed an ogre
    72 | D        | Killed an ogre
    73 | D        | Reached skill level 5 in Transmutations
    73 | D        | Reached skill level 5 in Ice Magic
    73 | D        | Reached XP level 4. HP: 16/32 MP: 5/10
   141 | D        | Learned a level 4 spell: Ice Form
   155 | D        | Noticed Sigmund
   169 | D        | Killed Sigmund
   170 | D        | Reached XP level 5. HP: 25/37 MP: 7/13
   170 | D        | Reached XP level 6. HP: 29/43 MP: 8/15
   226 | D        | Found an ornate altar of the Wu Jian Council.
   226 | D        | Found a shimmering blue altar of Sif Muna.
   228 | D        | Found a radiant altar of Vehumet.
   231 | D        | Reached skill level 6 in Unarmed Combat
   259 | D        | Found Ylegedyfimm's Assorted Antiques.
   259 | D        | Found an ancient bone altar of Kikubaaqudgha.
   259 | D        | Found a hazy altar of Hepliaklqana.
   259 | D        | Found a stormy altar of Qazlal.
   259 | D        | Found a hide-covered altar of Uskayaw.
   259 | D        | Found a blossoming altar of Fedhas.
   259 | D        | Found a bloodstained altar of Trog.
   259 | D        | Found an iron altar of Okawaru.
   259 | D        | Found a basalt altar of Yredelemnul.
   259 | D        | Found a glowing golden altar of the Shining One.
   259 | D        | Found a snail-covered altar of Cheibriados.
   259 | D        | Found a sacrificial altar of Ru.
   259 | D        | Found a glowing silver altar of Zin.
   259 | D        | Found a shadowy altar of Dithmenos.
   259 | D        | Found a white marble altar of Elyvilon.
   259 | D        | Noticed a yak
   264 | D        | Killed a yak
   265 | D        | Reached skill level 9 in Unarmed Combat
   265 | D        | Reached XP level 7. HP: 47/48 MP: 16/16
   265 | D        | Found an opulent altar of Gozag.
   266 | D        | Found a sparkling altar of Nemelex Xobeh.
   289 | D        | Became a worshipper of Nemelex Xobeh the Trickster
   297 | D        | Noticed Sonja
   307 | D        | HP: 2/57 [Sonja/+0 short sword of distortion (6)]
   307 | D        | Annihilated by Sonja

Illustrated notes

Levels and vault maps discovered:
D:        dungeon_sprint_1 [red_sonja_temple_1, red_sonja_temple_small_1]

Skill      XL: |  1  2  3  4  5  6 |
---------------+-------------------+-----
Dodging        | 3 |  3.8
Unarmed Combat | 5 9 |  9.8
Spellcasting   | 3 4 6 |  6.0
Transmutations | 3 5 8 |  8.3
Ice Magic      | 5 8 |  8.7
Fighting       | |  1.2

Action                   |  1- 3 |  4- 6 |  7- 9 || total
-------------------------+-------+-------+-------++-------
Melee: Unarmed           |    15 |    19 |     4 ||    38
       Headbutt          |     3 |       |       ||     3
       Punch             |     1 |       |       ||     1
 Cast: Beastly Appendage |     1 |       |       ||     1
       Spider Form       |     1 |       |       ||     1
       Ice Form          |       |     2 |     1 ||     3
  Use: Potion            |     1 |       |       ||     1
 Stab: Sleeping          |       |     1 |       ||     1
Armor: Skin              |       |     1 |     5 ||     6
Dodge: Dodged            |     5 |     2 |    12 ||    19

Table legend: (Time is in decaauts)
 A = Elapsed time spent in this place.
 B = Non-inter-level travel time spent in this place.
 C = Inter-level travel time spent in this place.
 D = Time resting spent in this place.
 E = Time spent auto-exploring this place.
 F = Levels seen in this place.
 G = Mean time per level.
                   A        B        C        D        E       F      G
               +--------+--------+--------+--------+--------+-----+--------+
         Total |    314 |    314 |      0 |    161 |      0 |   1 |  314.0 |
       Dungeon |    314 |    314 |      0 |    161 |      0 |   1 |  314.0 |
               +--------+--------+--------+--------+--------+-----+--------+

Top non-repeatable levels by time:
       D: 314 daAuts
